AoeStats
← [ITCF]TANK

African Clearing

504791590Analyzed
3v3 RM · 26d ago on Sep 6, 2026· 63m 35s· 6 players
Game mode
Random Map
Map size
Normal (6 player)
Population
200
Speed
Normal
Resources
Standard
Victory
Conquest
Starting age
Dark Age
Ending age
Imperial Age
RankedLock teamsTeams togetherTeam positionsShared explorationLock speedFull tech treeHidden civsTurbo modeCheats
Victory
Defeat
🇵🇪 Tupi · Peru
1418
+11
🇩🇪 Mongols · Germany
1417
+12
🇦🇷 Spanish · Argentina
1234
+19
🇹🇼 Huns · Taiwan
1312
-14
🇹🇼 Hindustanis · Taiwan
1312
-14
🇹🇼 Mongols · Taiwan
1311
-14
[ITCF]Hentai
3:38 Loom
13:37 Feudal Age
14:07 Double-Bit Axe
17:26 Horse Collar
19:19 Forging
20:38 Scale Barding Armor
22:35 Bloodlines
24:36 Fletching
24:59 Town Watch
25:46 Stone Mining
28:40 Wheelbarrow
29:33 Padded Archer Armor
31:53 Castle Age
32:49 Bodkin Arrow
32:38 Crossbowman
36:13 Thumb Ring
37:02 Light Cavalry
37:43 Husbandry
41:00 Bow Saw
46:03 Arson
46:18 Elite Skirmisher
47:14 Grand Trunk Road
47:22 Scale Mail Armor
48:35 Iron Casting
48:55 Chain Barding Armor
50:13 Leather Archer Armor
52:21 Coinage
53:03 Ballistics
53:23 Masonry
[ITCF]yuli
7:13 Loom
13:01 Feudal Age
16:34 Forging
18:09 Bloodlines
18:22 Scale Barding Armor
27:14 Castle Age
27:53 Double-Bit Axe
28:46 Chain Barding Armor
29:42 Fletching
40:48 Bow Saw
41:17 Bodkin Arrow
43:46 Thumb Ring
44:05 Padded Archer Armor
44:57 Husbandry
46:23 Leather Archer Armor
46:19 Horse Collar
51:42 Imperial Age
49:52 Wheelbarrow
50:25 Ballistics
52:30 Hand Cart
53:01 Parthian Tactics
51:56 Heavy Cavalry Archer
52:38 Bracer
53:41 Chemistry
54:17 Conscription
54:44 Gold Mining
55:55 Masonry
55:38 Pikeman
56:23 Halberdier
57:04 Squires
57:05 Scale Mail Armor
57:41 Iron Casting
57:26 Heavy Plow
57:27 Light Cavalry
59:00 Hussar
61:17 Plate Barding Armor
61:42 Blast Furnace
[ITCF]TANK
11:27 Loom
13:13 Feudal Age
14:27 Double-Bit Axe
17:20 Castle Age
18:14 Bow Saw
19:17 Fletching
20:08 Gold Mining
22:08 Bodkin Arrow
22:03 Horse Collar
23:09 Heavy Plow
25:11 Wheelbarrow
25:24 Padded Archer Armor
30:50 Husbandry
35:18 Hand Cart
35:16 Thumb Ring
35:22 Bloodlines
36:09 Ballistics
36:58 Leather Archer Armor
42:20 Imperial Age
40:26 Light Cavalry
41:13 Scale Barding Armor
41:19 Forging
43:07 Bracer
42:34 Elite Mangudai
43:42 Conscription
43:50 Parthian Tactics
44:34 Chemistry
43:57 Chain Barding Armor
44:13 Iron Casting
46:10 Hussar
49:43 Blast Furnace
Klacks
3:59 Loom
13:34 Feudal Age
14:47 Double-Bit Axe
17:52 Castle Age
25:05 Fletching
27:01 Horse Collar
27:40 Bow Saw
28:40 Padded Archer Armor
28:45 Bodkin Arrow
31:04 Wheelbarrow
31:39 Ballistics
34:58 Husbandry
35:09 Bloodlines
34:56 Town Watch
37:47 Heavy Plow
38:03 Hand Cart
42:36 Imperial Age
43:25 Bracer
43:47 Conscription
44:10 Parthian Tactics
43:05 Heavy Cavalry Archer
43:51 Thumb Ring
44:53 Chemistry
44:56 Elite Mangudai
48:51 Town Patrol
49:33 Leather Archer Armor
52:17 Scale Barding Armor
51:39 Light Cavalry
53:45 Hussar
56:51 Chain Barding Armor
56:41 Forging
59:03 Iron Casting
59:20 Hoardings
Sevelinda Parada
3:27 Loom
13:59 Feudal Age
17:49 Castle Age
16:18 Double-Bit Axe
19:03 Padded Archer Armor
20:01 Husbandry
20:11 Bloodlines
21:06 Horse Collar
35:23 Wheelbarrow
37:16 Bow Saw
37:13 Heavy Plow
37:58 Town Watch
38:27 Gold Mining
39:34 Stone Mining
40:24 Leather Archer Armor
41:36 Bow Saw
46:14 Imperial Age
44:16 Ballistics
46:12 Hand Cart
46:34 Elite Conquistador
48:02 Light Cavalry
49:19 Ring Archer Armor
51:14 Conscription
51:55 Scale Barding Armor
52:01 Forging
51:14 Hussar
54:33 Chain Barding Armor
56:37 Fletching
61:25 Plate Barding Armor
63:42 Iron Casting
Maech_
4:14 Loom
12:29 Feudal Age
18:12 Castle Age
22:15 Fletching
35:00 Bodkin Arrow
37:19 Double-Bit Axe
42:00 Wheelbarrow
42:16 Town Watch
48:27 Padded Archer Armor
48:51 Bow Saw
48:27 Horse Collar
50:26 Leather Archer Armor
51:03 Elite Skirmisher
52:42 Heavy Plow
57:21 Imperial Age
57:25 Squires
57:30 Scale Mail Armor
57:13 Champi Runner
57:43 Arson
58:12 Bracer
58:27 Champi Warrior
59:06 Elite Blackwood Archer
64:28 Ballistics
65:09 Chemistry
Connection lost

Rejoining the realm…

Still unreachable

The connection could not be restored.

Session expired

The server has moved on; the page needs a fresh start.